 Dungeon Crawl Stone Soup version 0.27.1-33-g824d729ab1 (webtiles) character file.

Game seed: 17620545978295538158

681 sking99 the Conjurer (level 7, 0/45 (51) HPs)
             Began as a Gnoll Conjurer on Dec 8, 2021.
             Slain by a bullfrog skeleton (3 damage)
             ... on level 5 of the Dungeon.
             The game lasted 00:12:36 (6463 turns).

sking99 the Conjurer (Gnoll Conjurer)               Turns: 6463, Time: 00:12:37

HP:   0/45 (51)     AC:  3    Str:  9    XL:     7   Next: 61%
MP:   7/15          EV: 13    Int: 17    God:
Gold: 186           SH:  0    Dex: 10    Spells: 6/17 levels left

rFire    . . .     SeeInvis .   o - +2 dagger (venom)
rCold    . . .     Faith    .   (no shield)
rNeg     . . .     Spirit   .   a - +0 robe
rPois    .         Reflect  .   e - +0 helmet
rElec    .         Harm     .   (no cloak)
rCorr    .         Rampage  .   (no gloves)
Will     .....                  (no boots)
Stlth    +++.......             (no amulet)
HPRegen  0.15/turn              (no ring)
MPRegen  0.14/turn              (no ring)

@: very slightly contaminated, heavily drained
A: fangs 1, strong nose, distributed training
a: no special abilities


You were on level 5 of the Dungeon.
You visited 1 branch of the dungeon, and saw 5 of its levels.
You also visited: Ossuary.

You collected 186 gold pieces.

Inventory:

Hand Weapons
 o - a +2 dagger of venom (weapon)
Armour
 a - a +0 robe (worn)
 e - a +0 helmet (worn)
Wands
 n - a wand of flame (14)
Scrolls
 b - a scroll of immolation
 d - a scroll of brand weapon {unknown}
 h - 2 scrolls of identify
 i - 2 scrolls of fog
 m - a scroll of fear
Potions
 c - a potion of lignification
 f - a potion of cancellation {unknown}
 g - 3 potions of attraction {unknown}
 j - 2 potions of mutation {unknown}
 k - 4 potions of brilliance {unknown}
 l - 3 potions of flight {unknown}
 p - 2 potions of curing {unknown}
 q - a potion of berserk rage {unknown}
 r - a potion of ambrosia {unknown}
 s - 3 potions of haste {unknown}


   Skills:
 + Level 2.6 Fighting
 + Level 2.6 Short Blades
 + Level 2.6 Long Blades
 + Level 2.6 Axes
 + Level 2.6 Maces & Flails
 + Level 2.6 Polearms
 + Level 2.6 Staves
 + Level 2.6 Slings
 + Level 2.6 Bows
 + Level 2.6 Crossbows
 + Level 2.6 Throwing
 + Level 2.6 Armour
 + Level 5.3 Dodging
 + Level 5.0 Stealth
 + Level 2.6 Shields
 + Level 2.6 Unarmed Combat
 + Level 5.6 Spellcasting
 + Level 7.4 Conjurations
 + Level 2.1 Hexes
 + Level 2.1 Summonings
 + Level 2.1 Necromancy
 + Level 2.1 Translocations
 + Level 2.1 Transmutations
 + Level 2.1 Fire Magic
 + Level 2.1 Ice Magic
 + Level 2.1 Air Magic
 + Level 2.1 Earth Magic
 + Level 2.1 Poison Magic
 + Level 2.9 Invocations
 + Level 2.6 Evocations


You had 6 spell levels left.
You knew the following spells:

 Your Spells              Type           Power      Damage    Failure   Level
a - Magic Dart            Conj           100%       1d8       1%          1
b - Searing Ray           Conj           60%        3d5       1%          2
c - Fulminant Prism       Conj/Hex       10%        3d9       19%         4
d - Iskenderun's Mystic   Conj/Tloc      21%        2d6       19%         4

Your spell library contained the following spells:

 Spells                   Type           Power      Damage    Failure   Level
 Beastly Appendage        Tmut           24%        N/A       5%          1
 Dazzling Flash           Conj/Hex       42%        N/A       5%          3
 Wereblood                Tmut           12%        N/A       9%          2
 Spider Form              Tmut/Pois      6%         N/A       17%         3


Dungeon Overview and Level Annotations

Branches:
Dungeon (5/15)            Ossuary (visited)
 Temple: D:4-7

Altars:


Innate Abilities, Weirdness & Mutations

You have very sharp teeth.
Your uncanny sense of smell can sniff out nearby items.
Your experience applies equally to all skills.


Message History

The phantom is heavily damaged.
The phantom hits you but does no damage.
Casting: Magic Dart (safe; 1% risk of failure)
Confirm with . or Enter, or press ? or * to list all spells.
Aiming: Magic Dart (safe; 1% risk of failure)
Press: ? - help, Shift-Dir - straight line, f/p - phantom
Aim: a phantom (heavily damaged, 100% to hit)
You miscast Magic Dart.
You are very lightly contaminated with residual magic.
Nothing appears to happen.
The phantom hits you!
The phantom blinks!
You blink.
A bullfrog skeleton comes into view.
Found a scroll of immolation.
A white imp comes into view.
The iguana hisses angrily.
The iguana bites you.
Casting: Magic Dart (safe; 1% risk of failure)
Confirm with . or Enter, or press ? or * to list all spells.
Aiming: Magic Dart (safe; 1% risk of failure)
Press: ? - help, Shift-Dir - straight line, f/p - phantom
Aim: a phantom (heavily damaged, 100% to hit)
The magic dart hits the phantom.
The phantom is severely damaged.
The white imp shouts!
The phantom hits you but does no damage.
The iguana bites you!
Casting: Magic Dart (safe; 1% risk of failure)
Confirm with . or Enter, or press ? or * to list all spells.
Aiming: Magic Dart (safe; 1% risk of failure)
Press: ? - help, Shift-Dir - straight line, f/p - phantom
Aim: a phantom (severely damaged, 100% to hit)
The magic dart hits the phantom.
The phantom is almost destroyed.
The bullfrog skeleton hits you. The phantom misses you. The iguana bites you!
* * * LOW HITPOINT WARNING * * *
As you read the scroll of fear, it crumbles to dust.
You assume a fearsome visage.
The worm looks frightened!
The iguana looks frightened!
The white imp is unaffected.
The bullfrog skeleton is unaffected.
The phantom is unaffected.
The bullfrog skeleton hits you.
You die...

#.......##.# *,*
#.......##.#### *,*
+............># *,*
#.......##.##.##########* *,*
#..........##.##........* *,*
...#.#.###.##ยง##.....5..* *,*
...#.#.# ####.##........* *,*
...+...# #.##....?...* *,*
...#.########.##@Z......* *,*
...#..........wWl.....##****,*
..............#######...,,,,,*
..#..#........# ***#******
.#............#
..............#
..............#
.##..#.######## .......#


You could see a phantom, a worm (fleeing), an iguana (fleeing), a white imp and
a bullfrog skeleton.

Vanquished Creatures
  A sky beast (D:5)
  2 ogres
  A jelly (D:4)
  2 orc priests (D:4)
  Jessica (D:2)
  An iguana (D:4)
  3 orc wizards
  A mummy (Ossuary)
  4 gnolls (D:3)
  An ufetubus (D:3)
  4 dart slugs
  12 orcs
  8 spectral bats (Ossuary)
  7 ball pythons
  6 bats
  5 bat simulacra (Ossuary)
  8 endoplasms
  5 giant cockroaches
  12 gnoll zombies (Ossuary)
  6 goblins
  5 hobgoblins
  4 jackals (D:2)
  5 kobolds
  3 quokkas
  2 frilled lizards
  5 goblin simulacra (Ossuary)
  A goblin zombie (Ossuary)
  4 hobgoblin zombies (Ossuary)
  3 kobold simulacra (Ossuary)
  7 kobold zombies (Ossuary)
  6 orc zombies (Ossuary)
  3 rats
  5 rat simulacra (Ossuary)
  3 spectral goblins (Ossuary)
  4 spectral kobolds (Ossuary)
  A spectral rat (Ossuary)
151 creatures vanquished.

Vanquished Creatures (others)
  A fulminant prism (Ossuary)
1 creature vanquished.

Grand Total: 152 creatures vanquished

Notes
Turn   | Place    | Note
-------+----------+-------------------------------------------
     0 | D:1      | sking99 the Gnoll Conjurer began the quest for the Orb.
     0 | D:1      | Reached XP level 1. HP: 13/13 MP: 6/6
   141 | D:1      | Reached XP level 2. HP: 19/19 MP: 4/7
  1150 | D:2      | Noticed Jessica
  1152 | D:2      | Killed Jessica
  1153 | D:2      | Reached skill level 5 in Spellcasting
  1153 | D:2      | Reached skill level 1 in Invocations
  1153 | D:2      | Reached XP level 3. HP: 25/25 MP: 5/9
  1204 | D:2      | Reached skill level 1 in Fighting
  1204 | D:2      | Reached skill level 1 in Short Blades
  1204 | D:2      | Reached skill level 1 in Long Blades
  1204 | D:2      | Reached skill level 1 in Axes
  1204 | D:2      | Reached skill level 1 in Maces & Flails
  1204 | D:2      | Reached skill level 1 in Polearms
  1204 | D:2      | Reached skill level 1 in Staves
  1204 | D:2      | Reached skill level 1 in Slings
  1204 | D:2      | Reached skill level 1 in Bows
  1204 | D:2      | Reached skill level 1 in Crossbows
  1204 | D:2      | Reached skill level 1 in Throwing
  1204 | D:2      | Reached skill level 1 in Armour
  1204 | D:2      | Reached skill level 1 in Shields
  1204 | D:2      | Reached skill level 1 in Unarmed Combat
  1204 | D:2      | Reached skill level 1 in Evocations
  1212 | D:2      | Noticed an ogre
  1253 | D:2      | Learned a level 2 spell: Searing Ray
  1261 | D:2      | Reached XP level 4. HP: 32/32 MP: 3/11
  1351 | D:2      | Killed an ogre
  1352 | D:2      | Reached skill level 1 in Hexes
  1352 | D:2      | Reached skill level 1 in Summonings
  1352 | D:2      | Reached skill level 1 in Necromancy
  1352 | D:2      | Reached skill level 1 in Translocations
  1352 | D:2      | Reached skill level 1 in Transmutations
  1352 | D:2      | Reached skill level 1 in Fire Magic
  1352 | D:2      | Reached skill level 1 in Ice Magic
  1352 | D:2      | Reached skill level 1 in Air Magic
  1352 | D:2      | Reached skill level 1 in Earth Magic
  1352 | D:2      | Reached skill level 1 in Poison Magic
  1352 | D:2      | Reached XP level 5. HP: 23/37 MP: 4/12
  1480 | D:2      | You fall into a shaft and drop 2 floors!
  2070 | D:3      | Learned a level 4 spell: Fulminant Prism
  2075 | D:3      | Learned a level 4 spell: Iskenderun's Mystic Blast
  2140 | D:3      | Reached XP level 6. HP: 44/44 MP: 10/13
  3012 | D:2      | Reached skill level 5 in Dodging
  4423 | D:4      | HP: 1/44 [orc priest/divine providence (12)]
  4425 | D:4      | Reached XP level 7. HP: 2/50 MP: 10/15
  4883 | D:5      | Entered Level 5 of the Dungeon
  5101 | D:5      | Found a sand-covered staircase.
  5186 | Ossuary  | Entered an ossuary
  6146 | Ossuary  | Reached skill level 5 in Stealth
  6463 | D:5      | Slain by a bullfrog skeleton

Illustrated notes

Levels and vault maps discovered:
D:1:      lemuel_arrival_broad_hall, layout_basic, minmay_pentomino_t2
D:2:      layout_basic, uniq_jessica
D:3:      layout_loops_ring
D:4:      layout_rooms
D:5:      layout_basic, nicolae_ossuary_entry_ruins, uniq_blork_the_orc,
          uniq_edmund

Skill      XL: |  1  2  3  4  5  6  7 |
---------------+----------------------+-----
Spellcasting   | 5 |  5.6
Invocations    | 1 2 |  2.9
Fighting       | 1 2 |  2.6
Short Blades   | 1 2 |  2.6
Long Blades    | 1 2 |  2.6
Axes           | 1 2 |  2.6
Maces & Flails | 1 2 |  2.6
Polearms       | 1 2 |  2.6
Staves         | 1 2 |  2.6
Slings         | 1 2 |  2.6
Bows           | 1 2 |  2.6
Crossbows      | 1 2 |  2.6
Throwing       | 1 2 |  2.6
Armour         | 1 2 |  2.6
Shields        | 1 2 |  2.6
Unarmed Combat | 1 2 |  2.6
Evocations     | 1 2 |  2.6
Hexes          | 1 2 |  2.1
Summonings     | 1 2 |  2.1
Necromancy     | 1 2 |  2.1
Translocations | 1 2 |  2.1
Transmutations | 1 2 |  2.1
Fire Magic     | 1 2 |  2.1
Ice Magic      | 1 2 |  2.1
Air Magic      | 1 2 |  2.1
Earth Magic    | 1 2 |  2.1
Poison Magic   | 1 2 |  2.1
Dodging        | 5 |  5.3
Stealth        | 5 |  5.0
Conjurations   | |  7.4

Action                   |  1- 3 |  4- 6 |  7- 9 || total
-------------------------+-------+-------+-------++-------
Melee: Unarmed           |     4 |       |       ||     4
       Dagger            |       |    25 |   197 ||   222
       Bite              |       |     2 |    13 ||    15
       Punch             |       |     1 |     1 ||     2
 Cast: Magic Dart        |    45 |   130 |    99 ||   274
       Searing Ray       |       |     3 |       ||     3
       Fulminant Prism   |       |       |     1 ||     1
  Use: Scroll            |       |     8 |     2 ||    10
 Stab: Sleeping          |       |     1 |       ||     1
       Distracted        |       |       |     1 ||     1
Armor: Robe              |     5 |     9 |    84 ||    98
Dodge: Dodged            |     9 |    25 |   172 ||   206
